Map: Ley Lines

Players

llIIlIIllIII - Winner!

  • Race: Zerg Zerg
  • League: Master
  • Spawn Location: 7:00

ART

  • Race: Protoss Protoss
  • League: Master
  • Spawn Location: 1:00

VOD

Have the link to the VOD?

Description

Time

  • Played on: March 27, 2025, 6:29 a.m.
  • Length: 8:25
Show
View Real Time Build Order
Export as new Build Order

llIIlIIllIII Zerg - Winner!

Build Orders: Hatch First, Roach Hydra 

Get SALT Encoding   

  12  0:00  Drone  
  13  0:08  Drone  
  14  0:14  Drone, Extractor  
  15  0:21  Overlord  
  15  0:40  Drone  
  16  0:44  Hatchery  
  16  0:48  Drone  
  16  0:51  Drone  
  16  0:55  Drone  
  18  1:05  Extractor  
  18  1:10  Spawning Pool  
  16  1:14  Drone  
  16  1:17  Drone  
  18  1:27  Drone  
  19  1:37  Drone  
  20  1:47  Drone  
  21  1:57  Queen x2  
  21  1:58  Zergling x2  
  21  1:59  Overlord  
  26  2:07  Metabolic Boost  
  26  2:09  Drone  
  26  2:12  Drone  
  28  2:19  Drone  
  28  2:20  Drone  
  30  2:29  Drone  
  31  2:31  Drone  
  31  2:33  Queen  
  34  2:43  Hatchery  
  33  2:47  Overlord  
  33  2:52  Drone x2  
  33  2:56  Overlord  
  35  3:05  Drone  
  36  3:07  Drone x4  
  36  3:08  Drone  
  40  3:14  Spore Crawler  
  40  3:16  Drone x3  
  40  3:17  Drone  
  44  3:23  Queen  
  46  3:29  Queen  
  46  3:33  Spore Crawler  
  47  3:36  Spore Crawler  
  47  3:37  Drone  
  47  3:40  Drone x2  
  49  3:43  Overlord  
  49  3:45  Drone  
  49  3:48  Drone  
  51  3:50  Drone  
  51  3:52  Overlord  
  52  3:58  Overlord  
  52  3:59  Drone x2  
  54  4:03  Overlord  
  54  4:08  Drone x2  
  56  4:12  Drone x3  
  56  4:13  Drone  
  56  4:15  Zergling x2  
  56  4:16  Drone  
  62  4:18  Drone x2  
  64  4:24  Roach Warren  
  64  4:25  Zergling x4  
  64  4:27  Drone  
  64  4:29  Extractor  
  64  4:30  Extractor  
  64  4:31  Zergling x4  
  64  4:35  Lair  
  64  4:38  Overlord  
  66  4:39  Drone x2  
  66  4:40  Drone  
  66  4:42  Zergling x4  
  71  4:45  Overlord  
  71  4:47  Overlord  
  71  4:48  Drone  
  72  4:53  Drone x3  
  72  4:56  Drone x2  
  77  5:05  Evolution Chamber, Drone x3  
  78  5:09  Extractor  
  78  5:10  Extractor  
  78  5:11  Drone x3  
  78  5:13  Spore Crawler  
  78  5:15  Drone x4, Extractor  
  78  5:17  Overlord x2  
  78  5:18  Drone x2  
  78  5:20  Drone  
  84  5:27  Drone  
  85  5:31  Zerg Missile Weapons Level 1  
  85  5:34  Drone x2  
  83  5:38  Hatchery  
  83  5:39  Overlord  
  82  5:44  Hydralisk Den  
  82  5:45  Drone  
  82  5:46  Drone x2  
  82  5:48  Overlord  
  84  5:54  Drone  
  85  5:57  Glial Reconstitution  
  85  5:58  Roach x8  
  85  6:00  Overlord  
  101  6:07  Roach  
  101  6:08  Roach  
  104  6:15  Muscular Augments  
  104  6:18  Drone, Hydralisk x5  
  115  6:25  Hydralisk x3  
  115  6:26  Hydralisk  
  115  6:28  Overlord  
  115  6:31  Hydralisk  
  125  6:37  Hydralisk x3  
  125  6:39  Overlord  
  131  6:41  Hydralisk  
  131  6:45  Overlord  
  133  6:49  Hydralisk  
  135  6:55  Hydralisk x2  
  138  7:03  Hydralisk x2  
  138  7:06  Zergling x20  
  152  7:09  Roach x2  
  152  7:10  Overlord  
  152  7:13  Roach  
  158  7:17  Ravager x2  
  158  7:19  Grooved Spines  
  158  7:20  Roach x3  
  166  7:23  Roach x2  
  166  7:24  Overlord  
  166  7:25  Overlord  
  166  7:28  Overlord  
  166  7:29  Roach  
  172  7:31  Ravager  
  172  7:33  Roach x2  
  177  7:37  Zergling x8  
  177  7:39  Ravager  
  176  7:45  Roach x4  
  176  7:53  Roach x5  
  176  7:55  Ravager  
  176  7:56  Overlord  
  176  7:57  Zergling x4  
  175  8:01  Zergling x6  
  175  8:04  Ravager  
  175  8:05  Zergling x8  
  163  8:08  Ravager  
  154  8:22  Ravager  
  154  8:23  Ravager  
Show
View Real Time Build Order
Export as new Build Order

ART Protoss 

Build Orders: 1 Gate Expand, Oracle Opening 

Get SALT Encoding   

  12  0:00  Probe  
  13  0:12  Probe  
  14  0:19  Pylon  
  14  0:24  Probe  
  15  0:33  Probe  
  15  0:39  Gateway  
  15  0:41  Probe  
  16  0:46  Assimilator  
  17  0:52  Probe  
  18  1:04  Probe  
  19  1:16  Probe  
  20  1:23  Nexus  
  20  1:32  Cybernetics Core  
  20  1:36  Probe  
  21  1:42  Assimilator  
  21  1:48  Probe  
  21  1:52  Pylon  
  22  2:00  Probe, Adept  
  23  2:08  Probe  
  23  2:10  Warp Gate  
  26  2:16  Probe  
  27  2:27  Probe  
  27  2:29  Stargate  
  28  2:32  Probe  
  28  2:33  Adept  
  31  2:39  Probe  
  31  2:40  Probe  
  32  2:50  Probe  
  33  2:51  Probe  
  35  3:00  Gateway  
  35  3:01  Stalker  
  35  3:02  Probe  
  35  3:05  Probe  
  39  3:06  Oracle  
  39  3:15  Probe  
  39  3:17  Probe  
  44  3:20  Pylon  
  45  3:27  Probe  
  45  3:29  Probe  
  46  3:39  Probe  
  47  3:41  Probe  
  47  3:43  Oracle  
  47  3:47  Nexus  
  51  3:50  Pylon  
  51  3:59  Probe  
  51  4:01  Stalker  
  54  4:07  Pylon, Assimilator  
  54  4:08  Probe  
  55  4:11  Assimilator  
  55  4:13  Probe, Shield Battery  
  55  4:15  Oracle  
  56  4:17  Adept  
  56  4:20  Probe  
  59  4:25  Probe  
  59  4:29  Pylon  
  63  4:33  Probe  
  63  4:37  Probe, Twilight Council  
  65  4:42  Forge  
  65  4:45  Probe  
  66  4:50  Probe  
  67  4:53  Adept  
  67  4:54  Protoss Ground Weapons Level 1  
  67  4:57  Probe  
  67  4:59  Probe  
  71  5:00  Blink  
  71  5:02  Probe  
  71  5:04  Pylon  
  71  5:06  Gateway  
  72  5:08  Gateway  
  72  5:09  Probe  
  72  5:11  Probe  
  74  5:15  Probe  
  76  5:21  Probe  
  76  5:25  Probe  
  76  5:28  Probe  
  78  5:33  Probe  
  79  5:37  Probe  
  79  5:38  Stalker  
  79  5:39  Stalker  
  79  5:40  Probe  
  79  5:42  Pylon  
  85  5:45  Assimilator  
  85  5:47  Probe  
  85  5:48  Templar Archives  
  85  5:49  Probe, Assimilator  
  87  5:58  Probe  
  87  5:59  Robotics Facility, Shield Battery  
  87  6:03  Probe x2, Gateway  
  90  6:04  Gateway  
  90  6:10  Probe  
  91  6:15  Probe  
  91  6:16  Psionic Storm  
  93  6:18  Gateway  
  93  6:20  Gateway  
  93  6:21  Photon Cannon  
  93  6:22  Probe, Shield Battery  
  93  6:25  Pylon  
  93  6:27  High Templar  
  93  6:28  High Templar  
  93  6:32  Stalker  
  99  6:37  High Templar  
  101  6:41  Pylon  
  101  6:43  Pylon  
  101  6:48  Observer  
  101  6:52  Photon Cannon  
  101  6:53  Pylon x2  
  102  6:55  Shield Battery  
  102  6:57  Immortal  
  102  7:00  Nexus, High Templar  
  104  7:02  Pylon  
  99  7:12  Probe x2  
  101  7:15  Photon Cannon  
  101  7:17  Shield Battery  
  101  7:22  Stalker x2  
  105  7:23  Probe  
  105  7:26  Stalker  
  105  7:27  Probe  
  109  7:30  Stalker  
  109  7:36  Stalker x2  
  115  7:44  Stalker x2  
  115  7:49  Stalker x3  
  114  7:54  Stalker  
  106  8:03  Stalker  
  106  8:04  Stalker  
  94  8:07  Archon  
  94  8:09  Stalker x2  
  92  8:14  Zealot  
  92  8:15  Zealot x2  
  92  8:19  Stalker  
Tags
 
Add a new tag
Caveats
  • Supply blocks, unpowered buildings, or Contaminate may cause inaccurate times.
  • Supply counts are checked every 10 seconds.